 Dungeon Crawl Stone Soup version 0.30-a0-939-gc8157cb160 (webtiles) character file.

Game seed: 7055150958338072273

96 CrazyBamboolord the Insei (level 4, -1/33 HPs)
             Began as a Merfolk Transmuter on Mar 25, 2023.
             Succumbed to a scorpion's poison
             ... on level 4 of the Dungeon.
             The game lasted 00:04:34 (3000 turns).

CrazyBamboolord the Insei (Merfolk Transmuter)      Turns: 3000, Time: 00:04:35

Health: -1/33      AC:  3    Str: 10    XL:     4   Next: 67%
Magic:  7/8        EV: 13    Int: 20    God:
Gold:   101        SH:  0    Dex: 14    Spells: 3/9 levels left

rFire   . . .      SeeInvis .      - Unarmed
rCold   . . .      Faith    .    (no shield)
rNeg    . . .      Spirit   .    a - +0 robe
rPois   .          Reflect  .    (no helmet)
rElec   .          Rampage  .    (no cloak)
rCorr   .                        c - +0 pair of gloves
Will    .....                    (no boots)
Stlth   +                        (no amulet)
HPRegen 0.25/turn                i - +6 ring of intelligence
MPRegen 0.11/turn                (no ring)

@: lethally poisoned (-1 -> -7)
A: (nimble swimmer 2), mertail
a: no special abilities


You were on level 4 of the Dungeon.
You visited 1 branch of the dungeon, and saw 4 of its levels.

You collected 101 gold pieces.

Inventory:

Armour
 a - a +0 robe (worn)
 c - a +0 pair of gloves (worn)
 j - a +0 pair of gloves
Jewellery
 i - a +6 ring of intelligence (left hand)
 l - a ring of positive energy
Scrolls
 g - 2 scrolls of enchant weapon
 h - a scroll of teleportation {unknown}
 k - a scroll of immolation {unknown}
Potions
 b - a potion of lignification
 d - a potion of flight
 f - a potion of might


   Skills:
 * Level 1.8 Fighting
 * Level 3.3 Dodging
 + Level 0.3 Stealth
 * Level 4.0 Unarmed Combat
 * Level 3.0 Spellcasting
 * Level 3.3 Transmutations
 * Level 0.6 Poison Magic


You had 3 spell levels left.
You knew the following spells:

 Your Spells              Type           Power      Damage    Failure   Level
a - Beastly Appendage     Tmut           32%        N/A       3%          1
b - Wereblood             Tmut           16%        N/A       5%          2
c - Spider Form           Tmut/Pois      11%        N/A       19%         3

Your spell library contained the following spells:

 Spells                   Type           Power      Damage    Failure   Level
 Passwall                 Tmut/Erth      7%         N/A       11%         2
 Ensorcelled Hibernation  Hex/Ice        6%         N/A       22%         2
 Swiftness                Air            3%         N/A       38%         3
 Ice Form                 Ice/Tmut       9%         N/A       56%         4


Dungeon Overview and Level Annotations

Branches:
Dungeon (4/15)
 Temple: D:4-7

Altars:
Nemelex Xobeh
Zin

Shops:
D:1 [=


Innate Abilities, Weirdness & Mutations

((You are very nimble when in or above water. (Stealth+, EV+, Speed+++)))
Your lower body shifts to a powerful aquatic tail in water.


Message History

The scorpion stings you.
You hit the scorpion.
The scorpion is moderately wounded.
The scorpion stings you.
You are poisoned.
The scorpion poisons you!
You hit the scorpion.
The scorpion is heavily wounded.
You feel very sick. The scorpion completely misses you.
The scorpion barely misses you.
You barely miss the scorpion.
The scorpion is heavily wounded.
You feel sick. The scorpion barely misses you.
You hit the scorpion but do no damage.
The scorpion is heavily wounded.
You feel sick. The scorpion stings you.
You hit the scorpion. Your headbutt misses the scorpion.
The scorpion is severely wounded.
You feel sick. The scorpion barely misses you.
You hit the scorpion.
The scorpion is severely wounded.
You feel sick. The scorpion stings you!
* * * LOW HITPOINT WARNING * * *
You are lethally poisoned!
The scorpion poisons you!
You hit the scorpion.
The scorpion is almost dead.
* * * LOW HITPOINT WARNING * * *
You feel sick. The scorpion misses you.
It was a potion of flight.
You feel very buoyant.
You fly up into the air.
* * * LOW HITPOINT WARNING * * *
You feel sick. The scorpion barely misses you.
It was a potion of cancellation.
Your magical effects are unravelling.
You feel magically purged.
Your horns disappear.
You float gracefully downwards.
You die...

......##..# ...#
....#####.##
#...... #...# #..#
#..... ....### ##.#
#.... ......#
##.### #..#
##...####....###.#
..##..##........S##
###
#....[###.....## #
##...# ##..@s.#
#..# #.........# #
##.. #.......#...#
.# .. .....#..?##
..# ..# #.
...######..# . #..#
.. ... .... . ....
..# ..... #..#


You could see a scorpion and an adder.

Vanquished Creatures
  3 adders
  3 dart slugs
  2 orcs
  A ball python (D:1)
  3 endoplasms
  5 giant cockroaches
  3 goblins
  5 hobgoblins
  3 jackals (D:3)
  8 kobolds
  2 quokkas
  4 bats
  4 frilled lizards
  15 rats
61 creatures vanquished.

Notes
Turn   | Place    | Note
-------+----------+-------------------------------------------
     0 | D:1      | CrazyBamboolord the Merfolk Transmuter began the quest for
                  | the Orb.
     0 | D:1      | Reached XP level 1. HP: 15/15 MP: 3/3
   162 | D:1      | Reached XP level 2. HP: 21/21 MP: 3/5
   744 | D:1      | Found Ygeurr's Armour Boutique.
   803 | D:1      | Reached XP level 3. HP: 25/26 MP: 4/6
   807 | D:1      | Learned a level 2 spell: Wereblood
   811 | D:1      | Learned a level 3 spell: Spider Form
   937 | D:1      | Found Xoewaine's Jewellery Boutique.
  1729 | D:2      | Found a faded altar of an unknown god.
  2266 | D:3      | Reached XP level 4. HP: 5/33 MP: 8/8
  2402 | D:3      | Found a sparkling altar of Nemelex Xobeh.
  2403 | D:3      | Found a glowing silver altar of Zin.
  2947 | D:4      | Reached skill level 4 in Unarmed Combat
  2986 | D:4      | Noticed a scorpion
  2999 | D:4      | HP: 1/33 [poisoned by a scorpion]
  3000 | D:4      | Succumbed to a scorpion's poison

Illustrated notes

Levels and vault maps discovered:
D:1:      lemuel_arrival_broad_hall, layout_basic, serial_shops, shop, shop
D:2:      layout_loops_cross, shapermc_ecumenical_altar_venn,
          minmay_rat_gold_closets
D:3:      layout_basic, mainiacjoe_overflow_divided_tiny, minmay_crystal_water
D:4:      layout_layer_cave

Skill      XL: |  1  2  3  4 |
---------------+-------------+-----
Transmutations | 3 |  3.3
Dodging        | 3 |  3.3
Spellcasting   | 3 |  3.0
Unarmed Combat | 4 |  4.0
Fighting       | |  1.8
Stealth        | |  0.3
Poison Magic   | |  0.6

Action                     |  1- 3 |  4- 6 || total
---------------------------+-------+-------++-------
  Melee: Unarmed           |   137 |    79 ||   216
         Headbutt          |    22 |    14 ||    36
         Punch             |     5 |       ||     5
   Cast: Beastly Appendage |    37 |     9 ||    46
    Use: Scroll            |     2 |       ||     2
         Potion            |     1 |     3 ||     4
   Stab: Sleeping          |     3 |       ||     3
 Armour: Robe              |    31 |    19 ||    50
  Dodge: Dodged            |    80 |    52 ||   132

Table legend: (Time is in decaauts)
 A = Elapsed time spent in this place.
 B = Non-inter-level travel time spent in this place.
 C = Inter-level travel time spent in this place.
 D = Time resting spent in this place.
 E = Time spent auto-exploring this place.
 F = Levels seen in this place.
 G = Mean time per level.
                   A        B        C        D        E       F      G
               +--------+--------+--------+--------+--------+-----+--------+
         Total |   2977 |   2915 |     62 |      0 |   2422 |   4 |  744.2 |
       Dungeon |   2977 |   2915 |     62 |      0 |   2422 |   4 |  744.2 |
               +--------+--------+--------+--------+--------+-----+--------+

Top non-repeatable levels by time:
     D:1: 1239 daAuts
     D:3: 751 daAuts
     D:2: 745 daAuts
     D:4: 240 daAuts
